AoeStats
← Joaquito

Socotra

505103992Analyzed
2v2 RM · 24d ago on Sep 7, 2026· 23m 55s· 4 players
Game mode
Random Map
Map size
Tiny (2 player)
Population
200
Speed
Normal
Resources
Standard
Victory
Conquest
Starting age
Dark Age
Ending age
Imperial Age
RankedLock teamsTeams togetherTeam positionsShared explorationLock speedFull tech treeHidden civsTurbo modeCheats
Victory
Defeat
🇨🇱 Shu · Chile
1059
+13
🇨🇱 Bulgarians · Chile
942
+19
🇳🇱 Koreans · Netherlands
1000
-48
🇺🇸 Portuguese · United States
990
-16
shortsnorter
8:29 Loom
DROGZUS
16:02 Feudal Age
Joaquito
7:56 Loom
10:49 Feudal Age
11:22 Double-Bit Axe
15:16 Fletching
23:09 Castle Age
22:05 Padded Archer Armor
23:12 Crossbowman
24:04 Thumb Ring
24:18 Gold Mining
cacadecaca38
6:23 Loom
13:20 Feudal Age
15:35 Gold Mining
15:37 Double-Bit Axe
23:10 Castle Age
23:20 Scale Mail Armor
23:15 Arson
Connection lost

Rejoining the realm…

Still unreachable

The connection could not be restored.

Session expired

The server has moved on; the page needs a fresh start.